[ PARTIDA AOE2 · #465780500 ]
UnrankedTeutones vs Tatars
[ ANÁLISIS DE REPETICIÓN · EXTRAÍDO DE LA PARTIDA GRABADA ]
Feudal
11:51
Castillos
23:09
Imperial
35:33
| APM promedio | 21.4 |
| APM pico | 73 |
| eAPM promedio | 14.0 |
| Aldeanos / militares | 117 / 618 |
Foco
⚔️ 56.9% · 🌾 43.1%
Spearman ×192 · Knight ×173 · Scout Cavalry ×104 · Militia ×78 · Teutonic Knight ×56 · Trade Cart ×11
Feudal
11:23
Castillos
23:02
Imperial
39:19
| APM promedio | 17.7 |
| APM pico | 48 |
| eAPM promedio | 10.1 |
| Aldeanos / militares | 164 / 385 |
Foco
⚔️ 44.7% · 🌾 55.3%
Keshik ×211 · Scorpion ×60 · Trade Cart ×45 · Scout Cavalry ×35 · Trebuchet (Packed) ×24 · Spearman ×21
Feudal
10:53
Castillos
21:31
Imperial
39:54
| APM promedio | 16.2 |
| APM pico | 52 |
| eAPM promedio | 11.4 |
| Aldeanos / militares | 237 / 859 |
Foco
⚔️ 38.8% · 🌾 61.2%
Spearman ×475 · Scout Cavalry ×141 · Scorpion ×98 · Skirmisher ×64 · Archer ×52 · Battle Elephant ×19
Feudal
11:06
Castillos
20:48
Imperial
43:35
| APM promedio | 24.1 |
| APM pico | 74 |
| eAPM promedio | 7.1 |
| Aldeanos / militares | 86 / 525 |
Foco
⚔️ 46.5% · 🌾 53.5%
Spearman ×150 · Rattan Archer ×141 · Skirmisher ×116 · Scout Cavalry ×69 · Battle Elephant ×33 · Trade Cart ×17
Feudal
16:08
Castillos
21:24
Imperial
40:07
| APM promedio | 23.7 |
| APM pico | 59 |
| eAPM promedio | 10.8 |
| Aldeanos / militares | 166 / 404 |
Foco
⚔️ 31.4% · 🌾 68.6%
Spearman ×186 · Huskarl ×157 · Trade Cart ×48 · Fishing Ship ×34 · Bombard Cannon ×21 · Scorpion ×20
Feudal
11:14
Castillos
23:14
Imperial
37:32
| APM promedio | 17.6 |
| APM pico | 85 |
| eAPM promedio | 8.5 |
| Aldeanos / militares | 79 / 453 |
Foco
⚔️ 49.3% · 🌾 50.7%
Longbowman ×176 · Knight ×108 · Spearman ×85 · Scout Cavalry ×66 · Trade Cart ×20 · Archer ×8
Mapa de la partida
Recursos iniciales + cada clic de construcción. Líneas = muros · curvas = relieve. ◆ oro · ⬟ piedra · ● bayas · ✦ reliquia · ◌ hueco del cierre
Tu base· Abierta — flanco sin cerrar
Base de Derbish· ✓ Cerrada en 23:02 · 133t muro · 4 puerta(s)
Base de bjoern4tel· Abierta — flanco sin cerrar
Base de redcabbage· Abierta — flanco sin cerrar
Base de MsR money· Abierta — flanco sin cerrar
Base de Big_Joe· Abierta — flanco sin cerrar
Terreno inicial suavizado · ◌ = hueco del cierre detectado · pasá el cursor para detalles
Inputs por minuto
— Red Leader - - Derbish
Build order — Red Leader
Primeras 150 de 974 acciones detectadas
| 0:05 | Construir | House |
| 0:06 | Construir | House |
| 0:09 | Crear | Villager (Male) |
| 0:09 | Crear | Villager (Male) |
| 0:09 | Crear | Villager (Male) |
| 0:09 | Crear | Villager (Male) |
| 0:09 | Crear | Villager (Male) |
| 1:46 | Crear | Villager (Male) |
| 1:47 | Investigar | Loom |
| 2:58 | Construir | Lumber Camp |
| 3:02 | Crear | Villager (Male) |
| 3:02 | Crear | Villager (Male) |
| 3:47 | Crear | Villager (Male) |
| 3:47 | Crear | Villager (Male) |
| 4:06 | Construir | House |
| 4:54 | Crear | Villager (Male) |
| 4:54 | Crear | Villager (Male) |
| 4:54 | Crear | Villager (Male) |
| 5:18 | Construir | Mill |
| 6:14 | Crear | Villager (Male) |
| 6:27 | Construir | House |
| 6:32 | Construir | House |
| 6:36 | Construir | House |
| 6:42 | Construir | Palisade Gate |
| 6:54 | Crear | Villager (Male) |
| 8:16 | Crear | Villager (Male) |
| 8:58 | Construir | Barracks |
| 9:04 | Construir | Palisade Wall |
| 9:08 | Construir | House |
| 9:41 | Investigar | Feudal Age |
| 10:23 | Crear | Villager (Male) |
| 10:23 | Crear | Villager (Male) |
| 10:37 | Construir | Palisade Gate |
| 10:45 | Construir | Mining Camp |
| 10:49 | Crear | Villager (Male) |
| 10:50 | Crear | Villager (Male) |
| 11:51 | Edad | Edad Feudal |
| 11:57 | Investigar | Horse Collar |
| 12:17 | Construir | Farm |
| 12:17 | Construir | Farm |
| 12:35 | Investigar | Double-Bit Axe |
| 12:41 | Crear | Villager (Male) |
| 12:58 | Construir | Farm |
| 12:59 | Construir | Farm |
| 12:59 | Construir | Farm |
| 13:00 | Construir | Farm |
| 13:01 | Construir | Farm |
| 13:01 | Construir | Farm |
| 13:24 | Construir | Farm |
| 13:29 | Construir | Farm |
| 13:51 | Construir | Blacksmith |
| 14:04 | Construir | Market |
| 14:09 | Construir | House |
| 14:14 | Construir | House |
| 14:35 | Construir | Mining Camp |
| 14:38 | Crear | Villager (Male) |
| 14:38 | Crear | Villager (Male) |
| 14:52 | Crear | Militia |
| 15:23 | Investigar | Man-at-Arms (upgrade) |
| 15:35 | Crear | Villager (Male) |
| 15:35 | Crear | Villager (Male) |
| 16:08 | Construir | Palisade Wall |
| 16:12 | Construir | Palisade Gate |
| 16:35 | Investigar | Wheelbarrow |
| 16:55 | Construir | Lumber Camp |
| 17:03 | Crear | Villager (Male) |
| 17:03 | Crear | Villager (Male) |
| 18:03 | Construir | Farm |
| 18:10 | Construir | Farm |
| 18:53 | Construir | Stable |
| 19:03 | Construir | House |
| 19:04 | Construir | House |
| 19:05 | Construir | House |
| 19:22 | Crear | Militia |
| 19:50 | Crear | Villager (Male) |
| 20:26 | Construir | Mill |
| 20:29 | Investigar | Castle Age |
| 21:06 | Crear | Militia |
| 21:07 | Crear | Militia |
| 21:13 | Construir | Farm |
| 21:18 | Crear | Villager (Male) |
| 21:18 | Crear | Villager (Male) |
| 21:18 | Crear | Villager (Male) |
| 21:44 | Investigar | Forging |
| 23:00 | Crear | Villager (Male) |
| 23:00 | Crear | Villager (Male) |
| 23:09 | Edad | Edad de los Castillos |
| 23:21 | Construir | Town Center |
| 23:37 | Construir | Town Center |
| 23:51 | Construir | Monastery |
| 24:10 | Construir | University |
| 24:18 | Construir | Farm |
| 24:18 | Construir | Farm |
| 24:24 | Investigar | Long Swordsman (upgrade) |
| 24:25 | Investigar | Gambesons |
| 24:34 | Crear | Villager (Male) |
| 24:34 | Crear | Villager (Male) |
| 24:47 | Crear | Monk |
| 24:53 | Construir | Farm |
| 24:57 | Construir | Farm |
| 25:07 | Investigar | Squires |
| 25:12 | Investigar | Iron Casting |
| 25:45 | Construir | Farm |
| 25:48 | Construir | Farm |
| 26:07 | Crear | Villager (Male) |
| 26:07 | Crear | Villager (Male) |
| 26:08 | Crear | Villager (Male) |
| 26:27 | Construir | Farm |
| 26:33 | Crear | Villager (Male) |
| 26:37 | Crear | Villager (Male) |
| 26:37 | Crear | Villager (Male) |
| 26:37 | Crear | Villager (Male) |
| 26:37 | Crear | Villager (Male) |
| 26:44 | Construir | Farm |
| 27:25 | Construir | Castle |
| 27:39 | Construir | Stone Wall |
| 27:46 | Construir | Stone Wall |
| 27:49 | Construir | Gate |
| 28:06 | Construir | Mill |
| 28:14 | Crear | Villager (Male) |
| 28:14 | Crear | Villager (Male) |
| 28:31 | Investigar | Hand Cart |
| 28:32 | Crear | Villager (Male) |
| 28:32 | Crear | Villager (Male) |
| 28:32 | Crear | Villager (Male) |
| 28:56 | Investigar | Heavy Plow |
| 29:32 | Investigar | Bow Saw |
| 29:46 | Crear | Teutonic Knight |
| 29:46 | Crear | Teutonic Knight |
| 29:47 | Crear | Teutonic Knight |
| 29:57 | Investigar | Stone Mining |
| 30:06 | Investigar | Scale Mail Armor |
| 30:32 | Crear | Villager (Male) |
| 30:32 | Crear | Villager (Male) |
| 30:32 | Crear | Villager (Male) |
| 30:33 | Crear | Villager (Male) |
| 30:38 | Crear | Villager (Male) |
| 30:38 | Crear | Villager (Male) |
| 30:38 | Crear | Villager (Male) |
| 30:38 | Crear | Villager (Male) |
| 30:39 | Crear | Villager (Male) |
| 30:51 | Construir | House |
| 30:52 | Construir | House |
| 30:53 | Construir | House |
| 31:27 | Construir | Farm |
| 31:52 | Construir | Siege Workshop |
| 31:53 | Construir | Siege Workshop |
| 32:03 | Construir | Stable |
| 32:04 | Construir | Stable |
| 32:12 | Construir | Farm |
Build order — Derbish
Primeras 150 de 409 acciones detectadas
| 0:25 | Investigar | Loom |
| 0:26 | Crear | Villager (Male) ×4 |
| 1:27 | Construir | House |
| 1:27 | Construir | House |
| 1:29 | Construir | House |
| 1:30 | Construir | House |
| 3:08 | Crear | Villager (Male) |
| 3:28 | Crear | Villager (Male) ×2 |
| 4:24 | Crear | Villager (Male) ×2 |
| 5:08 | Crear | Villager (Male) ×2 |
| 5:48 | Crear | Villager (Male) ×2 |
| 6:26 | Crear | Villager (Male) ×3 |
| 6:41 | Construir | Lumber Camp |
| 6:55 | Crear | Villager (Male) ×3 |
| 8:31 | Construir | Mill |
| 9:09 | Investigar | Feudal Age |
| 10:53 | Construir | House |
| 10:57 | Construir | House |
| 10:58 | Construir | House |
| 11:14 | Construir | Mill |
| 11:23 | Edad | Edad Feudal |
| 12:17 | Construir | Palisade Wall |
| 12:32 | Crear | Villager (Male) ×5 |
| 13:54 | Investigar | Horse Collar |
| 13:57 | Investigar | Double-Bit Axe |
| 15:03 | Construir | Palisade Gate |
| 15:12 | Crear | Villager (Male) ×5 |
| 15:48 | Construir | Palisade Wall |
| 15:57 | Construir | Palisade Wall |
| 16:08 | Construir | Farm |
| 16:10 | Construir | Farm |
| 16:19 | Construir | Farm |
| 16:20 | Construir | Farm |
| 16:21 | Construir | Farm |
| 16:27 | Construir | Farm |
| 16:28 | Construir | Farm |
| 16:30 | Construir | Farm |
| 16:46 | Construir | Palisade Gate |
| 16:59 | Construir | Palisade Wall |
| 17:10 | Construir | Palisade Gate |
| 17:18 | Construir | Farm |
| 17:34 | Crear | Villager (Male) ×5 |
| 17:51 | Construir | Market |
| 18:08 | Construir | Blacksmith |
| 18:12 | Construir | Mining Camp |
| 18:32 | Construir | Palisade Wall |
| 18:37 | Construir | House |
| 18:38 | Construir | House |
| 18:39 | Construir | House |
| 19:04 | Construir | Palisade Gate |
| 19:20 | Construir | Farm |
| 20:22 | Investigar | Castle Age |
| 21:15 | Construir | House |
| 21:16 | Construir | House |
| 21:24 | Construir | House |
| 21:25 | Construir | House |
| 21:26 | Construir | House |
| 21:26 | Construir | House |
| 21:27 | Construir | House |
| 21:29 | Construir | House |
| 21:35 | Construir | House |
| 22:12 | Construir | Farm |
| 22:15 | Construir | Farm |
| 22:24 | Investigar | Gold Mining |
| 23:02 | Edad | Edad de los Castillos |
| 23:08 | Construir | Stone Wall |
| 23:10 | Construir | Gate |
| 23:20 | Construir | Monastery |
| 23:43 | Construir | Monastery |
| 23:50 | Crear | Villager (Male) ×5 |
| 24:14 | Investigar | Fervor |
| 24:15 | Crear | Monk |
| 24:43 | Construir | Lumber Camp |
| 25:03 | Construir | Stone Wall |
| 25:14 | Construir | Town Center |
| 25:20 | Crear | Monk |
| 26:19 | Crear | Villager (Male) ×5 |
| 26:22 | Crear | Villager (Male) ×5 |
| 26:35 | Construir | Town Center |
| 26:44 | Construir | Town Center |
| 27:17 | Construir | Dock |
| 27:35 | Investigar | Wheelbarrow |
| 27:36 | Crear | Villager (Male) ×5 |
| 27:50 | Crear | Villager (Male) ×5 |
| 27:57 | Construir | Stone Wall |
| 28:04 | Construir | Stone Wall |
| 28:12 | Construir | Mining Camp |
| 28:16 | Crear | Monk |
| 28:58 | Construir | Farm |
| 29:00 | Crear | Villager (Male) ×5 |
| 29:25 | Construir | Farm |
| 29:30 | Construir | Farm |
| 29:41 | Crear | Galley |
| 29:44 | Crear | Transport Ship |
| 30:09 | Construir | Farm |
| 30:44 | Construir | Lumber Camp |
| 30:51 | Construir | Gate |
| 31:04 | Construir | Mining Camp |
| 31:25 | Investigar | Stone Mining |
| 31:31 | Construir | Farm |
| 31:58 | Crear | Villager (Male) ×5 |
| 31:59 | Crear | Villager (Male) ×5 |
| 31:59 | Crear | Villager (Male) ×5 |
| 31:59 | Crear | Villager (Male) ×5 |
| 33:02 | Construir | Farm |
| 33:04 | Construir | Farm |
| 33:05 | Construir | Farm |
| 33:07 | Construir | Farm |
| 33:08 | Construir | Farm |
| 33:09 | Construir | Farm |
| 33:14 | Construir | Farm |
| 33:16 | Crear | Villager (Male) ×5 |
| 33:28 | Construir | University |
| 33:44 | Construir | Farm |
| 33:49 | Construir | Farm |
| 33:58 | Construir | Barracks |
| 34:14 | Construir | Castle |
| 34:21 | Construir | Farm |
| 34:23 | Construir | Farm |
| 34:27 | Crear | Villager (Male) ×5 |
| 34:28 | Investigar | Imperial Age |
| 34:34 | Construir | Farm |
| 34:56 | Construir | Farm |
| 35:07 | Construir | Farm |
| 35:09 | Construir | Farm |
| 35:10 | Construir | Farm |
| 35:15 | Construir | Farm |
| 35:16 | Construir | Farm |
| 35:18 | Construir | Farm |
| 35:22 | Construir | Farm |
| 35:36 | Construir | Stable |
| 35:37 | Construir | Stable |
| 35:48 | Construir | Castle |
| 36:18 | Construir | Town Center |
| 36:27 | Construir | Farm |
| 36:35 | Construir | Farm |
| 36:44 | Investigar | Hand Cart |
| 36:45 | Crear | Villager (Male) ×5 |
| 36:45 | Crear | Villager (Male) ×5 |
| 36:52 | Investigar | Heavy Plow |
| 36:56 | Investigar | Bow Saw |
| 37:01 | Investigar | Husbandry |
| 38:18 | Construir | Farm |
| 38:25 | Construir | Farm |
| 38:29 | Crear | Villager (Male) ×5 |
| 38:30 | Crear | Villager (Male) ×5 |
| 38:37 | Construir | Castle |
| 38:43 | Construir | Farm |
| 39:04 | Construir | Mining Camp |
| 39:10 | Construir | Farm |
Build order — bjoern4tel
Primeras 150 de 794 acciones detectadas
| 0:01 | Crear | Villager (Male) |
| 0:01 | Crear | Villager (Male) |
| 0:04 | Construir | House |
| 0:06 | Construir | House |
| 0:07 | Crear | Villager (Male) |
| 0:08 | Crear | Villager (Male) |
| 2:03 | Crear | Villager (Male) |
| 2:04 | Crear | Villager (Male) |
| 2:10 | Construir | Lumber Camp |
| 2:40 | Crear | Villager (Male) |
| 2:57 | Crear | Villager (Male) |
| 3:02 | Crear | Villager (Male) |
| 3:26 | Construir | House |
| 4:07 | Crear | Villager (Male) |
| 4:17 | Construir | Mill |
| 4:20 | Crear | Villager (Male) |
| 5:01 | Crear | Villager (Male) |
| 5:01 | Crear | Villager (Male) |
| 5:09 | Construir | House |
| 5:41 | Construir | House |
| 5:49 | Crear | Villager (Male) |
| 5:50 | Crear | Villager (Male) |
| 5:50 | Crear | Villager (Male) |
| 5:50 | Crear | Villager (Male) |
| 6:06 | Crear | Villager (Male) |
| 6:21 | Crear | Villager (Male) |
| 6:22 | Crear | Villager (Male) |
| 6:49 | Crear | Villager (Male) |
| 7:07 | Construir | Palisade Wall |
| 7:20 | Construir | Dock |
| 7:24 | Crear | Villager (Male) |
| 7:49 | Crear | Villager (Male) |
| 7:55 | Crear | Villager (Male) |
| 8:40 | Crear | Villager (Male) |
| 8:43 | Investigar | Feudal Age |
| 8:54 | Construir | Farm |
| 8:54 | Construir | Farm |
| 8:55 | Construir | Farm |
| 9:33 | Construir | Palisade Wall |
| 9:57 | Crear | Villager (Male) |
| 9:58 | Crear | Villager (Male) |
| 10:09 | Crear | Villager (Male) |
| 10:15 | Construir | House |
| 10:45 | Construir | Barracks |
| 10:53 | Edad | Edad Feudal |
| 11:18 | Construir | House |
| 11:22 | Crear | Villager (Male) |
| 11:31 | Construir | Farm |
| 11:32 | Crear | Villager (Male) |
| 11:57 | Construir | Stone Wall |
| 12:03 | Crear | Villager (Male) |
| 12:18 | Construir | Stable |
| 12:22 | Crear | Villager (Male) |
| 12:47 | Construir | Lumber Camp |
| 13:09 | Crear | Fishing Ship |
| 13:35 | Crear | Spearman |
| 13:48 | Construir | Watch Tower |
| 13:51 | Crear | Villager (Male) |
| 13:51 | Crear | Villager (Male) |
| 13:56 | Construir | Farm |
| 14:00 | Construir | Farm |
| 14:20 | Crear | Villager (Male) |
| 14:43 | Crear | Villager (Male) |
| 14:43 | Crear | Villager (Male) |
| 14:50 | Construir | Mining Camp |
| 14:56 | Construir | Farm |
| 15:03 | Crear | Fishing Ship |
| 15:19 | Construir | Stone Wall |
| 15:25 | Construir | Blacksmith |
| 15:33 | Construir | Stone Wall |
| 15:41 | Crear | Villager (Male) |
| 15:47 | Construir | Farm |
| 16:01 | Construir | Mining Camp |
| 16:21 | Crear | Villager (Male) |
| 16:21 | Crear | Villager (Male) |
| 16:29 | Construir | Farm |
| 16:32 | Crear | Villager (Male) |
| 16:40 | Construir | House |
| 16:53 | Construir | House |
| 16:55 | Construir | House |
| 17:04 | Investigar | Loom |
| 17:23 | Construir | Market |
| 17:36 | Investigar | Wheelbarrow |
| 17:48 | Construir | Farm |
| 18:06 | Construir | House |
| 18:20 | Construir | Stable |
| 18:30 | Investigar | Castle Age |
| 18:50 | Investigar | Double-Bit Axe |
| 19:36 | Crear | Villager (Male) |
| 19:36 | Crear | Villager (Male) |
| 19:53 | Construir | Lumber Camp |
| 20:03 | Crear | Scout Cavalry |
| 20:03 | Crear | Scout Cavalry |
| 20:14 | Construir | Barracks |
| 20:33 | Crear | Villager (Male) |
| 20:35 | Crear | Villager (Male) |
| 20:41 | Investigar | Horse Collar |
| 20:47 | Construir | Farm |
| 20:50 | Construir | Farm |
| 20:59 | Construir | Farm |
| 21:20 | Crear | Villager (Male) |
| 21:30 | Construir | Farm |
| 21:31 | Edad | Edad de los Castillos |
| 21:33 | Construir | Farm |
| 21:49 | Construir | Town Center |
| 21:59 | Crear | Villager (Male) |
| 22:19 | Construir | Siege Workshop |
| 22:22 | Construir | Siege Workshop |
| 22:25 | Crear | Villager (Male) |
| 22:39 | Crear | Villager (Male) |
| 23:19 | Investigar | Fletching |
| 23:23 | Investigar | Padded Archer Armor |
| 23:41 | Crear | Villager (Male) |
| 23:42 | Crear | Villager (Male) |
| 23:42 | Crear | Villager (Male) |
| 23:49 | Construir | Archery Range |
| 23:56 | Construir | House |
| 23:59 | Construir | House |
| 24:01 | Construir | House |
| 24:15 | Crear | Villager (Male) |
| 24:19 | Crear | Villager (Male) |
| 24:19 | Crear | Villager (Male) |
| 24:19 | Crear | Villager (Male) |
| 24:57 | Construir | Castle |
| 25:02 | Crear | Villager (Male) |
| 25:02 | Crear | Villager (Male) |
| 25:03 | Crear | Villager (Male) |
| 25:09 | Construir | House |
| 25:17 | Construir | Archery Range |
| 25:26 | Crear | Villager (Male) |
| 25:43 | Construir | Stone Wall |
| 25:58 | Crear | Villager (Male) |
| 25:59 | Crear | Villager (Male) |
| 26:03 | Crear | Villager (Male) |
| 26:03 | Crear | Villager (Male) |
| 26:03 | Crear | Villager (Male) |
| 26:25 | Construir | House |
| 26:34 | Crear | Scorpion ×5 |
| 26:34 | Crear | Scorpion ×5 |
| 26:35 | Crear | Scorpion ×5 |
| 26:55 | Crear | Villager (Male) |
| 26:55 | Crear | Villager (Male) |
| 26:55 | Crear | Villager (Male) |
| 26:59 | Crear | Villager (Male) |
| 26:59 | Crear | Villager (Male) |
| 27:00 | Crear | Villager (Male) |
| 27:21 | Construir | Lumber Camp |
| 27:43 | Crear | Villager (Male) |
| 27:45 | Crear | Villager (Male) |
| 27:54 | Crear | Villager (Male) |
Build order — redcabbage
Primeras 150 de 430 acciones detectadas
| 0:02 | Crear | Villager (Male) |
| 0:03 | Crear | Villager (Male) |
| 0:03 | Crear | Villager (Male) |
| 0:03 | Crear | Villager (Male) |
| 0:05 | Construir | House |
| 0:07 | Construir | House |
| 1:47 | Crear | Villager (Male) |
| 1:48 | Crear | Villager (Male) |
| 1:55 | Construir | Lumber Camp |
| 2:04 | Crear | Villager (Male) |
| 2:35 | Crear | Villager (Male) |
| 3:03 | Crear | Villager (Male) |
| 3:29 | Crear | Villager (Male) |
| 3:42 | Construir | House |
| 3:58 | Crear | Villager (Male) |
| 4:25 | Construir | Mill |
| 4:28 | Crear | Villager (Male) |
| 4:52 | Crear | Villager (Male) |
| 5:08 | Crear | Villager (Male) |
| 5:51 | Crear | Villager (Male) |
| 5:56 | Construir | House |
| 6:01 | Crear | Villager (Male) |
| 6:44 | Crear | Villager (Male) |
| 6:56 | Crear | Villager (Male) |
| 7:29 | Crear | Villager (Male) |
| 7:52 | Construir | House |
| 7:57 | Construir | Barracks |
| 8:06 | Crear | Villager (Male) |
| 8:06 | Crear | Villager (Male) |
| 8:44 | Investigar | Feudal Age |
| 9:16 | Construir | Palisade Gate |
| 9:19 | Construir | Palisade Wall |
| 9:34 | Crear | Villager (Male) |
| 9:34 | Crear | Villager (Male) |
| 10:21 | Construir | Palisade Gate |
| 10:45 | Construir | Palisade Wall |
| 10:48 | Construir | Palisade Wall |
| 10:51 | Construir | Palisade Wall |
| 11:06 | Edad | Edad Feudal |
| 11:18 | Investigar | Double-Bit Axe |
| 11:23 | Investigar | Horse Collar |
| 11:29 | Construir | Mining Camp |
| 11:59 | Crear | Villager (Male) |
| 11:59 | Crear | Villager (Male) |
| 12:04 | Construir | Farm |
| 12:05 | Construir | Farm |
| 12:05 | Construir | Farm |
| 12:10 | Construir | Farm |
| 12:37 | Construir | Mining Camp |
| 12:52 | Construir | House |
| 12:57 | Crear | Villager (Male) |
| 12:57 | Crear | Villager (Male) |
| 13:01 | Crear | Spearman |
| 13:01 | Crear | Spearman |
| 13:17 | Construir | Gate |
| 13:45 | Construir | House |
| 13:51 | Construir | Farm |
| 13:52 | Investigar | Loom |
| 13:53 | Investigar | Loom |
| 13:57 | Construir | Farm |
| 14:05 | Crear | Villager (Male) |
| 14:05 | Crear | Villager (Male) |
| 14:25 | Construir | Farm |
| 14:27 | Construir | Farm |
| 14:50 | Construir | Farm |
| 14:56 | Construir | Farm |
| 14:57 | Crear | Villager (Male) |
| 15:08 | Crear | Spearman |
| 15:27 | Construir | Palisade Gate |
| 15:29 | Construir | Palisade Wall |
| 15:31 | Construir | Palisade Wall |
| 15:35 | Construir | Palisade Wall |
| 15:37 | Crear | Villager (Male) |
| 15:37 | Crear | Villager (Male) |
| 16:02 | Construir | House |
| 16:06 | Construir | House |
| 16:10 | Construir | House |
| 16:28 | Crear | Villager (Male) |
| 16:35 | Construir | Farm |
| 16:43 | Construir | Farm |
| 16:59 | Crear | Villager (Male) |
| 17:12 | Construir | Blacksmith |
| 17:43 | Crear | Villager (Male) |
| 17:51 | Investigar | Castle Age |
| 18:45 | Investigar | Stone Mining |
| 18:50 | Investigar | Gold Mining |
| 19:11 | Crear | Skirmisher |
| 19:11 | Crear | Skirmisher |
| 19:40 | Construir | Palisade Gate |
| 19:44 | Crear | Villager (Male) |
| 19:44 | Crear | Villager (Male) |
| 19:58 | Construir | Palisade Wall |
| 20:00 | Construir | Palisade Wall |
| 20:01 | Construir | Palisade Wall |
| 20:01 | Construir | Palisade Wall |
| 20:07 | Crear | Spearman |
| 20:41 | Investigar | Fletching |
| 20:48 | Edad | Edad de los Castillos |
| 20:49 | Construir | Lumber Camp |
| 21:05 | Construir | Town Center |
| 21:23 | Investigar | Elite Skirmisher (upgrade) |
| 21:24 | Crear | Spearman |
| 21:24 | Crear | Spearman |
| 21:42 | Crear | Villager (Male) |
| 21:42 | Crear | Villager (Male) |
| 21:43 | Crear | Villager (Male) |
| 22:44 | Construir | Castle |
| 22:50 | Crear | Villager (Male) |
| 22:51 | Crear | Villager (Male) |
| 23:06 | Crear | Villager (Male) |
| 23:06 | Crear | Villager (Male) |
| 23:06 | Crear | Villager (Male) |
| 23:07 | Crear | Villager (Male) |
| 23:21 | Crear | Villager (Male) |
| 23:43 | Crear | Villager (Male) |
| 23:45 | Crear | Villager (Male) |
| 23:47 | Construir | Farm |
| 23:50 | Investigar | Bow Saw |
| 23:53 | Investigar | Heavy Plow |
| 23:58 | Crear | Spearman |
| 24:31 | Crear | Villager (Male) |
| 24:31 | Crear | Villager (Male) |
| 24:32 | Crear | Villager (Male) |
| 24:33 | Crear | Villager (Male) |
| 24:37 | Construir | Farm |
| 24:39 | Construir | Farm |
| 24:45 | Construir | House |
| 24:56 | Investigar | Padded Archer Armor |
| 25:13 | Construir | University |
| 25:18 | Construir | Monastery |
| 25:30 | Crear | Villager (Male) |
| 25:30 | Crear | Villager (Male) |
| 25:33 | Construir | Farm |
| 25:49 | Construir | House |
| 25:51 | Construir | House |
| 25:56 | Construir | House |
| 26:05 | Construir | Palisade Gate |
| 26:11 | Crear | Villager (Male) |
| 26:12 | Crear | Villager (Male) |
| 26:13 | Crear | Monk |
| 27:25 | Construir | Castle |
| 27:32 | Construir | Mining Camp |
| 27:43 | Crear | Monk |
| 28:01 | Construir | Lumber Camp |
| 28:06 | Crear | Villager (Male) |
| 28:07 | Crear | Villager (Male) |
| 28:07 | Crear | Villager (Male) |
| 28:21 | Construir | Lumber Camp |
| 28:49 | Investigar | Stone Shaft Mining |
| 29:07 | Construir | Farm |
Build order — MsR money
Primeras 150 de 658 acciones detectadas
| 0:17 | Construir | House |
| 0:21 | Investigar | Loom |
| 0:21 | Crear | Villager (Male) |
| 0:22 | Crear | Villager (Male) |
| 0:22 | Crear | Villager (Male) |
| 0:22 | Crear | Villager (Male) |
| 0:22 | Crear | Villager (Male) |
| 1:12 | Construir | House |
| 1:29 | Crear | Villager (Male) |
| 2:23 | Crear | Villager (Male) |
| 2:54 | Construir | Dock |
| 2:58 | Crear | Villager (Male) |
| 3:21 | Crear | Villager (Male) |
| 3:44 | Construir | House |
| 3:54 | Crear | Villager (Male) |
| 4:07 | Crear | Villager (Male) |
| 4:31 | Crear | Fishing Ship |
| 4:33 | Crear | Villager (Male) |
| 5:08 | Crear | Villager (Male) |
| 5:09 | Crear | Villager (Male) |
| 5:09 | Crear | Villager (Male) |
| 5:15 | Construir | House |
| 5:50 | Crear | Villager (Male) |
| 5:59 | Crear | Fishing Ship |
| 6:00 | Crear | Fishing Ship |
| 6:20 | Crear | Villager (Male) |
| 6:32 | Construir | Lumber Camp |
| 6:44 | Crear | Villager (Male) |
| 6:45 | Crear | Villager (Male) |
| 6:53 | Construir | House |
| 7:22 | Crear | Fishing Ship |
| 7:36 | Crear | Villager (Male) |
| 7:36 | Crear | Villager (Male) |
| 7:45 | Crear | Villager (Male) |
| 7:46 | Crear | Villager (Male) |
| 7:57 | Crear | Villager (Male) |
| 8:10 | Construir | House |
| 8:16 | Construir | House |
| 8:19 | Crear | Fishing Ship |
| 8:19 | Crear | Fishing Ship |
| 8:28 | Crear | Villager (Male) |
| 8:52 | Crear | Fishing Ship |
| 9:25 | Crear | Fishing Ship |
| 9:28 | Crear | Villager (Male) |
| 9:28 | Crear | Villager (Male) |
| 9:29 | Crear | Villager (Male) |
| 9:29 | Crear | Villager (Male) |
| 10:03 | Construir | Mining Camp |
| 10:16 | Construir | Dock |
| 10:47 | Crear | Fishing Ship |
| 10:48 | Crear | Fishing Ship |
| 10:55 | Crear | Villager (Male) |
| 10:55 | Crear | Villager (Male) |
| 11:09 | Construir | Mill |
| 11:23 | Construir | Mining Camp |
| 11:36 | Construir | House |
| 11:37 | Construir | House |
| 11:39 | Construir | House |
| 11:42 | Crear | Fishing Ship |
| 11:43 | Crear | Fishing Ship |
| 11:43 | Crear | Fishing Ship |
| 12:09 | Crear | Villager (Male) |
| 12:24 | Crear | Fishing Ship |
| 12:24 | Crear | Fishing Ship |
| 13:05 | Crear | Villager (Male) |
| 13:14 | Crear | Fishing Ship |
| 13:17 | Crear | Fishing Ship |
| 13:17 | Crear | Fishing Ship |
| 13:17 | Crear | Fishing Ship |
| 13:22 | Construir | House |
| 13:24 | Construir | House |
| 13:25 | Construir | House |
| 13:58 | Investigar | Feudal Age |
| 14:21 | Crear | Fishing Ship |
| 16:07 | Construir | House |
| 16:08 | Construir | House |
| 16:08 | Edad | Edad Feudal |
| 16:09 | Construir | House |
| 16:11 | Construir | House |
| 16:15 | Crear | Fire Galley |
| 16:15 | Crear | Fire Galley |
| 16:16 | Crear | Fire Galley |
| 16:25 | Crear | Fire Galley |
| 16:25 | Crear | Fire Galley |
| 16:25 | Crear | Fire Galley |
| 16:58 | Construir | Blacksmith |
| 17:01 | Construir | Market |
| 17:26 | Investigar | Double-Bit Axe |
| 17:29 | Investigar | Wheelbarrow |
| 17:41 | Construir | House |
| 17:42 | Construir | House |
| 17:43 | Construir | House |
| 17:51 | Investigar | Castle Age |
| 19:46 | Crear | Unit 2626 |
| 20:10 | Crear | Fishing Ship |
| 20:10 | Crear | Fishing Ship |
| 20:31 | Crear | Galley |
| 20:32 | Crear | Galley |
| 21:14 | Crear | Unit 2626 |
| 21:24 | Edad | Edad de los Castillos |
| 21:43 | Construir | Town Center |
| 21:46 | Construir | Monastery |
| 21:58 | Crear | Fishing Ship |
| 21:58 | Crear | Fishing Ship |
| 21:58 | Crear | Fishing Ship |
| 21:58 | Crear | Fishing Ship |
| 21:59 | Crear | Fishing Ship |
| 21:59 | Crear | Fishing Ship |
| 22:07 | Construir | Fish Trap |
| 22:08 | Construir | Fish Trap |
| 22:09 | Construir | Fish Trap |
| 22:10 | Construir | Fish Trap |
| 22:42 | Construir | Town Center |
| 22:50 | Crear | Villager (Male) |
| 22:50 | Crear | Villager (Male) |
| 22:50 | Crear | Villager (Male) |
| 22:50 | Crear | Villager (Male) |
| 22:51 | Crear | Villager (Male) |
| 22:51 | Crear | Villager (Male) |
| 22:51 | Crear | Villager (Male) |
| 22:52 | Crear | Villager (Male) |
| 22:52 | Crear | Villager (Male) |
| 22:55 | Crear | Villager (Male) |
| 22:55 | Crear | Villager (Male) |
| 22:55 | Crear | Villager (Male) |
| 22:56 | Crear | Villager (Male) |
| 22:56 | Crear | Villager (Male) |
| 22:56 | Crear | Villager (Male) |
| 22:57 | Crear | Villager (Male) |
| 22:57 | Crear | Villager (Male) |
| 24:02 | Construir | Castle |
| 24:06 | Crear | Villager (Male) |
| 24:06 | Crear | Villager (Male) |
| 24:07 | Crear | Villager (Male) |
| 24:10 | Investigar | Hand Cart |
| 24:12 | Investigar | Town Watch |
| 24:12 | Crear | Villager (Male) |
| 24:13 | Crear | Villager (Male) |
| 24:13 | Crear | Villager (Male) |
| 24:13 | Crear | Villager (Male) |
| 24:13 | Crear | Villager (Male) |
| 24:20 | Crear | Villager (Male) |
| 24:26 | Construir | Lumber Camp |
| 24:29 | Construir | Lumber Camp |
| 24:33 | Crear | Monk |
| 25:16 | Investigar | Bow Saw |
| 25:26 | Construir | Fish Trap |
| 25:27 | Construir | Fish Trap |
| 25:28 | Construir | Fish Trap |
| 25:29 | Construir | Fish Trap |
Build order — Big_Joe
Primeras 150 de 333 acciones detectadas
| 0:09 | Construir | House |
| 0:11 | Construir | House |
| 0:13 | Crear | Villager (Male) ×4 |
| 1:49 | Crear | Villager (Male) |
| 2:20 | Crear | Villager (Male) |
| 2:20 | Crear | Villager (Male) |
| 2:36 | Crear | Villager (Male) |
| 2:48 | Crear | Villager (Male) |
| 3:09 | Crear | Villager (Male) |
| 3:40 | Crear | Villager (Male) |
| 4:09 | Construir | House |
| 4:14 | Crear | Villager (Male) |
| 4:23 | Construir | Mill |
| 4:32 | Construir | House |
| 4:43 | Crear | Villager (Male) |
| 5:04 | Construir | Lumber Camp |
| 5:44 | Crear | Villager (Male) |
| 5:45 | Crear | Villager (Male) |
| 6:52 | Construir | Dock |
| 7:01 | Crear | Villager (Male) |
| 7:28 | Crear | Villager (Male) |
| 7:39 | Crear | Fishing Ship |
| 8:20 | Construir | Lumber Camp |
| 9:04 | Investigar | Feudal Age |
| 9:13 | Construir | Mining Camp |
| 9:28 | Construir | House |
| 9:43 | Crear | Fishing Ship |
| 10:26 | Crear | Fishing Ship |
| 10:27 | Crear | Fishing Ship |
| 11:14 | Edad | Edad Feudal |
| 11:21 | Crear | Villager (Male) ×4 |
| 11:26 | Investigar | Wheelbarrow |
| 11:49 | Construir | Farm |
| 12:26 | Crear | Villager (Male) |
| 12:27 | Crear | Villager (Male) |
| 13:02 | Crear | Transport Ship |
| 13:06 | Investigar | Tech 906 |
| 13:12 | Crear | Villager (Male) |
| 13:31 | Investigar | Double-Bit Axe |
| 13:34 | Construir | Farm |
| 13:58 | Construir | House |
| 14:01 | Construir | Farm |
| 14:05 | Crear | Villager (Male) |
| 14:06 | Crear | Villager (Male) |
| 14:31 | Construir | Farm |
| 14:33 | Crear | Villager (Male) |
| 14:40 | Construir | House |
| 14:46 | Construir | House |
| 14:47 | Construir | House |
| 14:48 | Construir | House |
| 14:49 | Construir | House |
| 14:50 | Construir | House |
| 14:54 | Construir | Farm |
| 14:55 | Construir | Farm |
| 14:55 | Construir | Farm |
| 14:56 | Construir | Farm |
| 14:56 | Construir | Farm |
| 14:57 | Construir | Farm |
| 15:11 | Construir | Farm |
| 15:12 | Construir | Farm |
| 15:40 | Crear | Villager (Male) |
| 15:41 | Crear | Villager (Male) |
| 16:03 | Construir | Mining Camp |
| 16:10 | Investigar | Horse Collar |
| 16:45 | Crear | Villager (Male) |
| 16:58 | Investigar | Gold Mining |
| 17:18 | Construir | Blacksmith |
| 17:29 | Construir | Barracks |
| 17:58 | Crear | Unit 2626 |
| 18:36 | Construir | Archery Range |
| 18:54 | Crear | Demolition Raft |
| 18:55 | Crear | Demolition Raft |
| 20:34 | Investigar | Castle Age |
| 21:26 | Investigar | Town Watch |
| 21:28 | Crear | Villager (Male) ×5 |
| 22:01 | Construir | Mining Camp |
| 22:13 | Crear | Fishing Ship |
| 22:13 | Crear | Fishing Ship |
| 22:32 | Investigar | Forging |
| 22:37 | Crear | Archer ×5 |
| 22:42 | Crear | Archer ×3 |
| 23:14 | Edad | Edad de los Castillos |
| 23:19 | Construir | Town Center |
| 23:52 | Crear | Unit 2626 |
| 23:53 | Crear | Unit 2626 |
| 24:35 | Investigar | Crossbowman (upgrade) |
| 24:58 | Crear | Villager (Male) ×5 |
| 25:22 | Crear | Villager (Male) ×5 |
| 25:48 | Crear | Unit 2626 |
| 25:54 | Investigar | Fletching |
| 26:13 | Construir | Mining Camp |
| 26:29 | Investigar | Heavy Plow |
| 26:32 | Investigar | Bow Saw |
| 27:29 | Construir | Farm |
| 27:30 | Construir | Farm |
| 27:38 | Construir | Lumber Camp |
| 27:56 | Crear | Villager (Male) ×5 |
| 28:10 | Construir | Farm |
| 28:17 | Investigar | Bodkin Arrow |
| 28:46 | Crear | Villager (Male) |
| 28:46 | Crear | Villager (Male) |
| 28:52 | Crear | Villager (Male) |
| 28:53 | Crear | Villager (Male) |
| 28:56 | Investigar | Hand Cart |
| 29:15 | Investigar | Gold Shaft Mining |
| 29:16 | Investigar | Stone Mining |
| 29:52 | Construir | Monastery |
| 29:59 | Construir | Mining Camp |
| 30:10 | Crear | Villager (Male) ×5 |
| 30:41 | Construir | Castle |
| 31:20 | Construir | Farm |
| 31:26 | Crear | Monk |
| 32:27 | Construir | Farm |
| 32:27 | Construir | Farm |
| 32:27 | Construir | Farm |
| 32:35 | Investigar | Padded Archer Armor |
| 32:36 | Investigar | Iron Casting |
| 33:23 | Construir | Farm |
| 33:28 | Investigar | Leather Archer Armor |
| 34:14 | Crear | Villager (Male) |
| 34:14 | Crear | Villager (Male) |
| 34:22 | Investigar | Imperial Age |
| 35:36 | Crear | Villager (Male) |
| 35:36 | Crear | Villager (Male) |
| 35:56 | Investigar | Loom |
| 36:05 | Construir | Mining Camp |
| 36:33 | Construir | University |
| 36:55 | Construir | Castle |
| 37:06 | Investigar | Ballistics |
| 37:11 | Investigar | Masonry |
| 37:13 | Investigar | Heated Shot |
| 37:30 | Investigar | Treadmill Crane |
| 37:32 | Edad | Edad Imperial |
| 37:34 | Investigar | Chemistry |
| 38:12 | Investigar | Arrowslits |
| 38:13 | Investigar | Siege Engineers |
| 38:36 | Crear | Villager (Male) ×5 |
| 38:50 | Construir | Mining Camp |
| 39:14 | Investigar | Architecture |
| 40:12 | Crear | Longbowman ×5 |
| 40:14 | Crear | Longbowman |
| 40:47 | Construir | Lumber Camp |
| 41:28 | Construir | Mining Camp |
| 41:37 | Crear | Villager (Male) ×5 |
| 42:15 | Construir | Watch Tower |
| 42:42 | Construir | House |
| 42:45 | Construir | House |
| 42:46 | Construir | House |
| 42:47 | Construir | House |
| 42:49 | Construir | House |
Cronología de la partida
| 2:54 | MsR money · first_building Dock |
| 6:52 | Big_Joe · first_building Dock |
| 7:07 | bjoern4tel · wall_segment Palisade Wall x5 |
| 7:20 | bjoern4tel · first_building Dock |
| 7:57 | redcabbage · first_building Barracks |
| 8:58 | Red Leader · first_building Barracks |
| 9:04 | Red Leader · wall_segment Palisade Wall x1 |
| 9:19 | redcabbage · wall_segment Palisade Wall x7 |
| 9:33 | bjoern4tel · wall_segment Palisade Wall x5 |
| 10:45 | redcabbage · wall_segment Palisade Wall x1 |
| 10:45 | bjoern4tel · first_building Barracks |
| 10:48 | redcabbage · wall_segment Palisade Wall x1 |
| 10:51 | redcabbage · wall_segment Palisade Wall x1 |
| 10:53 | bjoern4tel · age_up feudal |
| 11:06 | redcabbage · age_up feudal |
| 11:14 | Big_Joe · age_up feudal |
| 11:23 | Derbish · age_up feudal |
| 11:51 | Red Leader · age_up feudal |
| 11:57 | bjoern4tel · wall_segment Stone Wall x10 |
| 12:17 | Derbish · wall_segment Palisade Wall x16 |
| 12:18 | bjoern4tel · first_building Stable |
| 15:19 | bjoern4tel · wall_segment Stone Wall x2 |
| 15:29 | redcabbage · wall_segment Palisade Wall x1 |
| 15:31 | redcabbage · wall_segment Palisade Wall x1 |
| 15:33 | bjoern4tel · wall_segment Stone Wall x1 |
| 15:35 | redcabbage · wall_segment Palisade Wall x8 |
| 15:48 | Derbish · wall_segment Palisade Wall x28 |
| 15:57 | Derbish · wall_segment Palisade Wall x27 |
| 16:08 | Red Leader · wall_segment Palisade Wall x11 |
| 16:08 | MsR money · age_up feudal |
| 16:59 | Derbish · wall_segment Palisade Wall x30 |
| 17:29 | Big_Joe · first_building Barracks |
| 18:32 | Derbish · wall_segment Palisade Wall x38 |
| 18:36 | Big_Joe · first_building Archery Range |
| 18:53 | Red Leader · first_building Stable |
| 19:32 | Red Leader · first_market_buy 100 food |
| 19:58 | redcabbage · wall_segment Palisade Wall x3 |
| 20:00 | redcabbage · wall_segment Palisade Wall x2 |
| 20:01 | redcabbage · wall_segment Palisade Wall x1 |
| 20:01 | redcabbage · wall_segment Palisade Wall x1 |
| 20:07 | Derbish · first_market_sell 100 wood |
| 20:48 | redcabbage · age_up castle |
| 21:24 | MsR money · age_up castle |
| 21:31 | bjoern4tel · age_up castle |
| 21:46 | MsR money · first_building Monastery |
| 22:19 | bjoern4tel · first_building Siege Workshop |
| 22:44 | redcabbage · first_building Castle |
| 23:02 | Derbish · age_up castle |
| 23:08 | Derbish · wall_segment Stone Wall x10 |
| 23:09 | Red Leader · age_up castle |
| 23:14 | Big_Joe · age_up castle |
| 23:20 | Derbish · first_building Monastery |
| 23:49 | bjoern4tel · first_building Archery Range |
| 23:51 | Red Leader · first_building Monastery |
| 24:02 | MsR money · first_building Castle |
| 24:37 | bjoern4tel · first_market_buy 100 stone |
| 24:57 | bjoern4tel · first_building Castle |
| 25:03 | Derbish · wall_segment Stone Wall x14 |
| 25:18 | redcabbage · first_building Monastery |
| 25:43 | bjoern4tel · wall_segment Stone Wall x7 |
| 26:24 | MsR money · first_building Barracks |
| 27:17 | Derbish · first_building Dock |
| 27:25 | Red Leader · first_building Castle |
| 27:39 | Red Leader · wall_segment Stone Wall x7 |
| 27:46 | Red Leader · wall_segment Stone Wall x6 |
| 27:57 | Derbish · wall_segment Stone Wall x1 |
| 28:04 | Derbish · wall_segment Stone Wall x14 |
| 29:07 | MsR money · first_building Siege Workshop |
| 29:29 | redcabbage · wall_segment Palisade Wall x1 |
| 29:44 | bjoern4tel · wall_segment Stone Wall x9 |
| 29:52 | Big_Joe · first_building Monastery |
| 30:41 | Big_Joe · first_building Castle |
| 31:52 | Red Leader · first_building Siege Workshop |
| 33:23 | redcabbage · first_building Stable |
| 33:58 | Derbish · first_building Barracks |
| 34:14 | Derbish · first_building Castle |
| 34:58 | MsR money · first_market_buy 100 food |
| 35:18 | redcabbage · first_building Siege Workshop |
| 35:33 | Red Leader · age_up imperial |
| 35:36 | Derbish · first_building Stable |
| 37:32 | Big_Joe · age_up imperial |
| 38:28 | redcabbage · wall_segment Stone Wall x8 |
| 38:37 | redcabbage · wall_segment Stone Wall x3 |
| 39:19 | Derbish · age_up imperial |
| 39:54 | bjoern4tel · age_up imperial |
| 40:07 | MsR money · age_up imperial |
| 40:43 | bjoern4tel · first_building Monastery |
| 43:35 | redcabbage · age_up imperial |
| 44:02 | Derbish · wall_segment Stone Wall x24 |
| 45:05 | bjoern4tel · first_market_sell 500 wood |
| 47:12 | bjoern4tel · wall_segment Stone Wall x5 |
| 47:20 | bjoern4tel · wall_segment Stone Wall x7 |
| 49:46 | Derbish · first_building Archery Range |
| 50:43 | Red Leader · first_market_sell 100 wood |
| 50:53 | Big_Joe · wall_segment Stone Wall x34 |
| 51:00 | redcabbage · wall_segment Stone Wall x6 |
| 51:37 | Big_Joe · wall_segment Stone Wall x1 |
| 52:10 | Big_Joe · first_building Stable |
| 54:08 | redcabbage · first_building Archery Range |
| 55:15 | Derbish · wall_segment Palisade Wall x2 |
| 55:56 | Derbish · wall_segment Stone Wall x24 |
| 55:59 | Derbish · wall_segment Stone Wall x21 |
| 58:13 | Derbish · wall_segment Stone Wall x5 |
| 58:57 | Big_Joe · wall_segment Stone Wall x31 |
| 59:24 | Big_Joe · wall_segment Stone Wall x16 |
| 61:27 | bjoern4tel · wall_segment Stone Wall x17 |
| 61:32 | bjoern4tel · wall_segment Stone Wall x25 |
| 67:29 | Derbish · wall_segment Stone Wall x5 |
| 70:03 | bjoern4tel · wall_segment Stone Wall x5 |
| 70:05 | bjoern4tel · wall_segment Stone Wall x7 |
| 72:07 | MsR money · first_market_sell 100 wood |
| 72:47 | Derbish · wall_segment Stone Wall x11 |
| 72:57 | Red Leader · tribute_sent a jugador 1 |
| 72:57 | Red Leader · tribute_sent a jugador 2 |
| 72:57 | Red Leader · tribute_sent a jugador 3 |
| 72:57 | Red Leader · tribute_sent a jugador 5 |
| 72:57 | Red Leader · tribute_sent a jugador 6 |
| 76:15 | Red Leader · wall_segment Stone Wall x13 |
| 76:17 | Red Leader · wall_segment Stone Wall x6 |
| 76:20 | Red Leader · wall_segment Stone Wall x8 |
| 82:12 | Derbish · wall_segment Stone Wall x2 |
| 84:33 | Big_Joe · tribute_sent a jugador 1 |
| 84:33 | Big_Joe · tribute_sent a jugador 2 |
| 84:33 | Big_Joe · tribute_sent a jugador 3 |
| 84:33 | Big_Joe · tribute_sent a jugador 4 |
| 84:33 | Big_Joe · tribute_sent a jugador 5 |
| 87:32 | redcabbage · first_building Dock |
| 89:18 | Big_Joe · tribute_sent a jugador 1 |
| 89:18 | Big_Joe · tribute_sent a jugador 2 |
| 89:18 | Big_Joe · tribute_sent a jugador 3 |
| 89:18 | Big_Joe · tribute_sent a jugador 4 |
| 89:18 | Big_Joe · tribute_sent a jugador 5 |
| 89:46 | Red Leader · tribute_sent a jugador 1 |
| 89:46 | Red Leader · tribute_sent a jugador 2 |
| 89:46 | Red Leader · tribute_sent a jugador 3 |
| 89:46 | Red Leader · tribute_sent a jugador 5 |
| 89:46 | Red Leader · tribute_sent a jugador 6 |
| 91:38 | Red Leader · first_building Dock |
| 94:32 | Derbish · wall_segment Stone Wall x2 |
| 96:50 | Derbish · first_building Siege Workshop |
| 99:28 | Big_Joe · wall_segment Stone Wall x1 |
| 100:31 | redcabbage · wall_segment Stone Wall x13 |
| 101:50 | Derbish · wall_segment Stone Wall x61 |
| 104:51 | Derbish · tribute_sent a jugador 2 |
| 104:51 | Derbish · tribute_sent a jugador 3 |
| 104:51 | Derbish · tribute_sent a jugador 4 |
| 104:51 | Derbish · tribute_sent a jugador 5 |
| 104:51 | Derbish · tribute_sent a jugador 6 |
| 106:52 | redcabbage · first_market_buy 100 wood |
| 108:24 | Red Leader · tribute_sent a jugador 1 |
| 108:24 | Red Leader · tribute_sent a jugador 2 |
| 108:24 | Red Leader · tribute_sent a jugador 3 |
| 108:24 | Red Leader · tribute_sent a jugador 5 |
| 108:24 | Red Leader · tribute_sent a jugador 6 |
| 111:38 | Red Leader · resign |
| 114:19 | Derbish · wall_segment Stone Wall x37 |
| 114:28 | Derbish · wall_segment Stone Wall x42 |
| 114:31 | Derbish · wall_segment Stone Wall x12 |
[ ANÁLISIS IA · 1 CRÉDITO ]
¿Qué pasó realmente en esta partida?
Wolo.gg analiza cada decisión: build order, eco, micro, errores típicos por bracket. Análisis personalizado por WhatsApp o Discord en 30 segundos.
Guía civ
Teutones
Perfil
Jugador #10333021